 Dungeon Crawl Stone Soup version 0.29-a0-575-g0dc89cf053 (webtiles) character file.

Game seed: 7884496267796539348

16 shoop the Cudgeller (level 2, 0/24 HPs)
             Began as a Meteoran Warper on June 12, 2022.
             Succumbed to an adder's poison
             ... on level 3 of the Dungeon.
             The game lasted 00:01:47 (239 turns).

shoop the Cudgeller (Meteoran Warper)                Turns: 239, Time: 00:01:48

Health: 0/24       AC:  3    Str: 12    XL:     2   Next: 94%
Magic:  6/6        EV: 12    Int: 14    God:
Gold:   22         SH:  0    Dex: 13    Spells: 6/6 levels left

rFire   . . .      SeeInvis .   a - +0 mace
rCold   . . .      Faith    .   (no shield)
rNeg    . . .      Spirit   .   b - +0 leather armour
rPois   .          Reflect  .   (no helmet)
rElec   .          Harm     .   (no cloak)
rCorr   .          Rampage  .   (no gloves)
Will    .....                   (no boots)
Stlth   +.........              (no amulet)
HPRegen 0.08/turn               (no ring)
MPRegen 0.10/turn               (no ring)

@: lethally poisoned (0 -> -4), glowing
A: sense surroundings 1, otherworldly, glowing, explore regen
a: no special abilities


You were on level 3 of the Dungeon.
You visited 1 branch of the dungeon, and saw 3 of its levels.

You collected 22 gold pieces.

Inventory:

Hand Weapons
 a - a +0 mace (weapon)
Missiles
 d - 7 boomerangs of dispersal (quivered)
Armour
 b - a +0 leather armour (worn)
Scrolls
 c - a scroll of blinking
 f - 2 scrolls of amnesia {unknown}
 g - a scroll of teleportation {unknown}
 h - a scroll of acquirement {unknown}
 i - a scroll of poison {unknown}
 j - 2 scrolls of enchant weapon {unknown}
Potions
 e - a potion of might {unknown}


   Skills:
 - Level 2.1 Fighting
 + Level 4.1 Maces & Flails
 - Level 1.2 Throwing
 - Level 1.2 Armour
 - Level 2.4 Dodging
 - Level 2.6 Spellcasting
 - Level 3.6 Translocations


You had 6 spell levels left.
You didn't know any spells.
Your spell library contained the following spells:

 Spells                   Type           Power      Damage    Failure   Level
 Blink                    Tloc           24%        N/A       10%         2
 Gell's Gravitas          Tloc           12%        N/A       19%         3
 Lesser Beckoning         Tloc           12%        N/A       19%         3
 Teleport Other           Tloc           12%        N/A       19%         3
 Manifold Assault         Tloc           12%        N/A       87%         5


Dungeon Overview and Level Annotations

Branches:
Dungeon (3/15)

Altars:


Innate Abilities, Weirdness & Mutations

You passively map a small area around you.
You are easily found by Zot.
You glow in the dark.
You regain HP and MP as you explore.


Message History

The adder is moderately wounded.
The adder bites you. x2
You hit the adder.
The adder is heavily wounded.
The adder closely misses you. The adder misses you.
You hit the adder.
The adder is severely wounded.
The adder bites you but does no damage.
You miss the adder.
The adder is severely wounded.
The adder bites you. The adder closely misses you.
You barely miss the adder.
The adder is severely wounded.
The adder completely misses you.
You closely miss the adder.
The adder is severely wounded.
The adder bites you but does no damage. x2
You barely miss the adder.
The adder is severely wounded.
The adder bites you. x2
You are poisoned.
The adder poisons you!
You closely miss the adder.
The adder is severely wounded.
* * * LOW HITPOINT WARNING * * *
You feel sick. The adder bites you but does no damage.
You barely miss the adder.
The adder is severely wounded.
You feel sick. The adder closely misses you. The adder bites you.
* * * LOW HITPOINT WARNING * * *
You are lethally poisoned!
The adder poisons you!
You hit the adder.
You kill the adder!
* * * LOW HITPOINT WARNING * * *
You feel sick.
Your Maces & Flails skill increases to level 4!
* * * LOW HITPOINT WARNING * * *
You feel sick.
You die...

* , .###### * * ,
...... , , #....# ,
#....# ** * #....# ,
* , # #....# *, *
#.##...#######**
#..@.!†......., *
####...#############
#..........##.......
*
#.########.##.######
* #, #.†..# # , ,
#..### # , #..# #
#..# # *, , , ,...#
#


There were no monsters in sight!

Vanquished Creatures
  An adder (D:3)
  A ball python (D:1)
  A giant cockroach (D:3)
  A bat (D:1)
  A frilled lizard (D:3)
  2 rats
  A spectral hobgoblin (D:1)
8 creatures vanquished.

Notes
Turn   | Place    | Note
-------+----------+-------------------------------------------
     0 | D:1      | shoop the Meteoran Warper began the quest for the Orb.
     0 | D:1      | Reached XP level 1. HP: 17/17 MP: 5/5
    59 | D:1      | Found a faded altar of an unknown god.
    97 | D:1      | Reached skill level 3 in Maces & Flails
   181 | D:3      | Reached XP level 2. HP: 21/24 MP: 6/6
   238 | D:3      | Reached skill level 4 in Maces & Flails
   238 | D:3      | HP: 1/24 [poisoned by an adder]
   239 | D:3      | Succumbed to an adder's poison

Illustrated notes

Levels and vault maps discovered:
D:1:      minmay_arrival_shattered_statue, layout_loops_ring,
          dreamdust_ecumenical_altar_drowned_temple
D:2:      minmay_spotlight, layout_basic, uniq_jessica, uniq_terence,
          uniq_natasha
D:3:      layout_basic, minmay_tree_intersection, nicolae_figureground_pulse

Skill      XL: |  1  2 |
---------------+-------+-----
Maces & Flails | 3 4 |  4.1
Fighting       | |  2.1
Throwing       | |  1.2
Armour         | |  1.2
Dodging        | |  2.4
Spellcasting   | |  2.6
Translocations | |  3.6

Action                   || total
-------------------------++-------
Melee: Mace              ||    49
Armor: Leather armour    ||    15
Dodge: Dodged            ||    29

Table legend: (Time is in decaauts)
 A = Elapsed time spent in this place.
 B = Non-inter-level travel time spent in this place.
 C = Inter-level travel time spent in this place.
 D = Time resting spent in this place.
 E = Time spent auto-exploring this place.
 F = Levels seen in this place.
 G = Mean time per level.
                   A        B        C        D        E       F      G
               +--------+--------+--------+--------+--------+-----+--------+
         Total |    255 |    255 |      0 |      0 |      0 |   3 |   85.0 |
       Dungeon |    255 |    255 |      0 |      0 |      0 |   3 |   85.0 |
               +--------+--------+--------+--------+--------+-----+--------+

Top non-repeatable levels by time:
     D:1: 133 daAuts
     D:3: 101 daAuts
     D:2: 19 daAuts
